AoeStats
← IsraDguez

Arabia

509373376Analyzed
1v1 RM · 7d ago on Sep 26, 2026· 36m 27s· 2 players
Game mode
Random Map
Map size
Tiny (2 player)
Population
200
Speed
Normal
Resources
Standard
Victory
Conquest
Starting age
Dark Age
Ending age
Imperial Age
RankedLock teamsTeams togetherTeam positionsShared explorationLock speedFull tech treeHidden civsTurbo modeCheats
Victory
Defeat
🇲🇽 Maya · Mexico
815
+15
🇺🇸 Mongols · United States
803
-15
Rico Suave
1:06 Loom
10:11 Feudal Age
11:30 Wheelbarrow
10:47 Double-Bit Axe
22:01 Castle Age
23:23 Hand Cart
32:25 Gold Mining
32:26 Stone Mining
33:24 Bow Saw
33:17 Elite Skirmisher
IsraDguez
0:25 Loom
11:12 Feudal Age
13:19 Scale Mail Armor
13:32 Forging
14:17 Fletching
21:50 Castle Age
24:37 Chain Mail Armor
27:04 Eagle Warrior
27:44 Squires
28:18 Crossbowman
32:09 Bodkin Arrow
33:03 Thumb Ring
36:03 Wheelbarrow
35:54 Arson
36:49 Iron Casting
Connection lost

Rejoining the realm…

Still unreachable

The connection could not be restored.

Session expired

The server has moved on; the page needs a fresh start.